 Dungeon Crawl Stone Soup version 0.22.1-2-g9c5b331383 (webtiles) character file.

913 Acheron the Chopper (level 7, -9/59 HPs)
             Began as a Minotaur Gladiator on Dec 8, 2018.
             Was an Initiate of Okawaru.
             Mangled by Duvessa
             ... wielding a +0 short sword
              (16 damage)
             ... on level 5 of the Dungeon.
             The game lasted 00:31:05 (5791 turns).

Acheron the Chopper (Minotaur Gladiator)            Turns: 5791, Time: 00:31:06

Health: -9/59      AC:  3    Str: 18    XL:     7   Next: 82%
Magic:  8/9        EV: 13    Int:  7    God:    Okawaru [......]
Gold:   239        SH:  0    Dex: 12    Spells: 10/10 levels left

rFire    . . .     SeeInvis .   a - +0 war axe
rCold    + . .     Gourm    .   (no shield)
rNeg     . . .     Faith    .   i - +0 leather armour
rPois    .         Spirit   .   c - +0 hat
rElec    .         Reflect  .   (no cloak)
rCorr    .         Harm     .   (no gloves)
MR       .....                  (no boots)
Stlth    +.........             (no amulet)
HPRegen  0.19/turn              m - ring of protection from cold
MPRegen  0.11/turn              (no ring)

@: glowing
A: retaliatory headbutt, horns 2
a: Renounce Religion


You were on level 5 of the Dungeon.
You worshipped Okawaru.
Okawaru was noncommittal.
You were not hungry.

You visited 2 branches of the dungeon, and saw 8 of its levels.

You collected 239 gold pieces.

Inventory:

Hand Weapons
 a - a +0 war axe (weapon)
 n - a +0 short sword
   (You took it off a kobold on level 1 of the Dungeon)
 o - a +4 dagger
   (You took it off a wight on level 5 of the Dungeon)
 s - a +0 blowgun
   (You took it off a kobold on level 3 of the Dungeon)
 t - a +0 falchion
   (You took it off Terence on level 3 of the Dungeon)
 A - a +0 halberd
   (You took it off a gnoll on level 4 of the Dungeon)
 B - a +3 shortbow
   (You took it off a centaur on level 5 of the Dungeon)
 G - a +4 long sword of freezing
   (You took it off a wight on level 5 of the Dungeon)
 I - a cursed +4 long sword
   (You took it off a wight on level 5 of the Dungeon)
 J - a cursed +3 great sword
   (You took it off a wight on level 5 of the Dungeon)
Missiles
 d - 3 throwing nets {!f}
 f - 154 stones (quivered)
 u - 5 poisoned needles
 y - 14 sling bullets
 C - 17 arrows
Armour
 c - a +0 hat (worn)
 i - a +0 leather armour (worn)
   (You found it on level 1 of the Dungeon)
 v - a +3 ring mail of cold resistance
   (You took it off Terence on level 3 of the Dungeon)
 x - a +2 animal skin
   (You took it off Robin on level 3 of the Dungeon)
 H - a +2 robe of cold resistance
   (You took it off a wight on level 5 of the Dungeon)
Jewellery
 m - a ring of protection from cold (left hand)
   (You found it on level 1 of the Dungeon)
Wands
 l - a wand of clouds (5)
   (You found it on level 4 of the Dungeon)
 r - a wand of polymorph (13)
   (You found it on level 4 of the Dungeon)
Scrolls
 g - 8 scrolls of remove curse {@r2}
 h - a scroll of immolation {unknown}
 j - 4 scrolls of teleportation {@r4}
 w - a scroll of blinking {unknown}
 D - a scroll of identify {@r1}
 E - a scroll of fear {unknown}
 F - a scroll of random uselessness {unknown}
Potions
 b - a potion of berserk rage {unknown}
 k - a potion of might {unknown}
 p - 2 potions of mutation {!q}
 q - a potion of heal wounds {unknown}
 z - a potion of lignification {unknown}
 K - 2 potions of curing {@q1}
Comestibles
 e - 9 rations {!d}


   Skills:
 * Level 4.2 Fighting
 + Level 4.8 Axes
 + Level 3.1 Throwing
 * Level 3.1 Armour
 + Level 4.5 Dodging
 * Level 3.2 Stealth
 + Level 2.2 Spellcasting
 * Level 1.5 Invocations
 * Level 2.3 Evocations


You had 10 spell levels left.
You didn't know any spells.
Your spell library was empty.

Dungeon Overview and Level Annotations

Branches:
Dungeon (7/15)             Temple (1/1) D:5

Altars:
Ashenzari
Cheibriados
Dithmenos
Elyvilon
Fedhas
Gozag
Hepliaklqana
Kikubaaqudgha
Makhleb
Nemelex Xobeh
Okawaru
Qazlal
Ru
Sif Muna
Trog
Uskayaw
Vehumet
Wu Jian
Xom
Yredelemnul
Zin
The Shining One

Annotations:
D:2 exclusion: downstairs
D:3 3 runed doors, Cykl0x's ghost, amateur GrFi; Grinder
D:4 1 runed door
D:5 Duvessa
D:6 exclusions: downstairs and upstairs


Innate Abilities, Weirdness & Mutations

You reflexively headbutt those who attack you in melee.
You have a pair of horns on your head.


Message History

You start resting.
You are feeling hungry.
You start resting.
You eat one of the 10 rations {!d}.
That ration really hit the spot!
Dowan is too close now for your liking.
You gain the combat prowess of a mighty hero.
You can no longer gain great but temporary skills.
You hit Duvessa but do no damage. You headbutt Duvessa! You hit Dowan.
Your headbutt misses Dowan. You hit Duvessa but do no damage.
Duvessa misses you.
Dowan points at you and mumbles some strange words.
You are outlined in light.
You closely miss Dowan. Your headbutt misses Dowan. You barely miss Duvessa.
Dowan hits you with a dagger. Duvessa misses you.
You barely miss Dowan. Your headbutt misses Dowan. You punch Dowan.
Your leather armour prevents you from hitting Duvessa.
Dowan hits you with a dagger. Duvessa hits you but does no damage.
You slash Dowan! You hit Duvessa but do no damage.
Duvessa hits you with a short sword. Dowan hits you but does no damage.
Unknown command.
You closely miss Dowan. You headbutt Dowan. You hit Duvessa.
Dowan hits you but does no damage. Duvessa closely misses you.
You hit Dowan but do no damage. Your headbutt misses Dowan.
You closely miss Duvessa.
Dowan casts a spell at Duvessa.
Duvessa seems to speed up.
Duvessa closely misses you. You furiously retaliate!
You headbutt Duvessa.
Unknown command.
You slash Dowan!
You kill Dowan!
Okawaru accepts your kill.
Duvessa screams, "No!
How DARE you!"
Duvessa goes berserk!
Your life force feels restored.
You hit Duvessa but do no damage. Duvessa hits you with a short sword!
A frilled lizard comes into view.
Duvessa hits you with a short sword!
* * * LOW HITPOINT WARNING * * *
Duvessa hits you with a short sword!
* * * LOW HITPOINT WARNING * * *
Things that are here:
a dagger; a robe; the elf corpse of Dowan You closely miss Duvessa.
You feel like a meek peon again.
The frilled lizard hisses angrily.
Duvessa barely misses you. x2
You slash Duvessa! You headbutt Duvessa. Duvessa hits you with a short sword.
* * * LOW HITPOINT WARNING * * *
Duvessa hits you with a short sword!
You die...

#########.#
#.######.#.#### #.#
#.# #.#......#.#
#.# #.#
#.##.#####.######.#
#.#
#.##.#.............
#.#
#.##.#.###.........
#.#
#.##.#.##########..
#.#
#.##.#.<........'..
#.#
#.##.############..
##.#####e@.....#
#..
#..............#
####
#########......#
#... #......# #.##
.......# #.#
......l########.#
................#
#.......##########
.......


You could see Duvessa (berserk) and a frilled lizard.

Vanquished Creatures
  2 ogres (D:4)
  A centaur (D:5)
  Dowan (D:5)
  4 wights (D:5)
  2 crimson imps (D:5)
  A jelly (D:5)
  A bullfrog skeleton (D:6)
  A human skeleton (D:4)
  Terence (D:3)
  An orc wizard (D:5)
  2 worker ants (D:4)
  A hound skeleton (D:4)
  Robin (D:3)
  3 gnolls (D:4)
  3 adders
  An adder zombie (D:5)
  2 worms
  5 dart slugs
  3 leopard geckos
  5 orcs
  A ball python (D:3)
  11 bats
  7 giant cockroaches
  15 goblins
  8 hobgoblins
  7 jackals (D:3)
  A quokka (D:5)
  5 frilled lizards
  A goblin zombie (D:4)
  10 kobolds
  A kobold skeleton (D:4)
  4 rats
112 creatures vanquished.

Notes
Turn   | Place    | Note
-------+----------+-------------------------------------------
     0 | D:1      | Acheron the Minotaur Gladiator began the quest for the Orb.
     0 | D:1      | Reached XP level 1. HP: 18/18 MP: 0/0
   333 | D:1      | Reached XP level 2. HP: 25/25 MP: 1/1
   539 | D:1      | Reached skill level 1 in Stealth
   621 | D:1      | Reached XP level 3. HP: 30/30 MP: 1/3
  1119 | D:2      | Found an opulent altar of Gozag.
  1409 | D:3      | Found a runed gate.
  1409 | D:3      | Found a runed gate.
  1410 | D:3      | Found a runed gate.
  1413 | D:3      | Found an opulent altar of Gozag.
  1413 | D:3      | Noticed a centaur
  1413 | D:3      | Noticed Cykl0x's ghost (amateur GrFi)
  1450 | D:3      | Reached skill level 1 in Armour
  1509 | D:3      | Reached skill level 1 in Spellcasting
  1617 | D:3      | Reached XP level 4. HP: 37/37 MP: 4/4
  1631 | D:3      | Noticed Robin
  1635 | D:3      | Noticed Grinder
  1715 | D:3      | Noticed Terence
  1728 | D:3      | Killed Terence
  1977 | D:3      | Killed Robin
  1977 | D:3      | Reached XP level 5. HP: 45/45 MP: 4/6
  2137 | D:4      | Found a runed door.
  2137 | D:4      | Noticed a human
  2143 | D:4      | Found a basalt altar of Yredelemnul.
  2286 | D:4      | Noticed an ogre
  2320 | D:5      | Entered Level 5 of the Dungeon
  2332 | D:5      | Noticed a sky beast
  2423 | D:4      | Killed an ogre
  2423 | D:4      | Reached skill level 1 in Evocations
  2423 | D:4      | Reached XP level 6. HP: 33/51 MP: 7/7
  2656 | D:5      | Noticed Dowan
  2889 | D:7      | Noticed an ice beast
  2908 | D:5      | Found a staircase to the Ecumenical Temple.
  2925 | D:6      | Found a shadowy altar of Dithmenos.
  3697 | Temple   | Entered the Ecumenical Temple
  3856 | Temple   | Became a worshipper of Warmaster Okawaru
  3934 | D:5      | Noticed Duvessa
  4027 | D:4      | Reached XP level 7. HP: 58/58 MP: 9/9
  4834 | D:3      | Paralysed by Grinder for 3 turns
  4926 | D:5      | Reached skill level 1 in Invocations
  4943 | D:5      | Noticed a dagger
  4943 | D:5      | Noticed a hand axe
  5061 | D:5      | Reached * piety under Okawaru
  5205 | D:5      | Found a hide-covered altar of Uskayaw.
  5788 | D:5      | Killed Dowan
  5791 | D:5      | Mangled by Duvessa

Skill      XL: |  1  2  3  4  5  6  7 |
---------------+----------------------+-----
Stealth        | 1 2 3 |  3.2
Axes           | 4 |  4.8
Armour         | 1 2 3 |  3.1
Spellcasting   | 1 2 |  2.2
Fighting       | 3 4 |  4.2
Evocations     | 1 2 |  2.3
Dodging        | 4 |  4.5
Throwing       | 3 |  3.1
Invocations    | 1 |  1.5

Action                   |  1- 3 |  4- 6 |  7- 9 || total
-------------------------+-------+-------+-------++-------
Melee: War axe           |    63 |   100 |    58 ||   221
       Headbutt          |    11 |    17 |    17 ||    45
       Punch             |       |       |     1 ||     1
 Fire: Shortbow          |       |       |     2 ||     2
Invok: Heroism           |       |       |     1 ||     1
Evoke: Wand              |       |     1 |       ||     1
  Use: Scroll            |     3 |     2 |     2 ||     7
       Potion            |       |     1 |       ||     1
 Stab: Sleeping          |     3 |       |     1 ||     4
       Distracted        |       |     1 |       ||     1
  Eat: Chunk             |     2 |     2 |       ||     4
       Ration            |       |     2 |     2 ||     4
Armor: Leather armour    |    23 |    15 |     9 ||    47
Dodge: Dodged            |    52 |    81 |    46 ||   179
